 Dungeon Crawl Stone Soup version 0.24.0-125-gc4c63601f3 (webtiles) character file.

Game seed: 9508075983629798936, levelgen mode: deterministic

35107 BuffBuff the Grappler (level 13, -2/72 HPs)
             Began as a Vine Stalker Fighter on Mar 13, 2020.
             Was a High Priest of Makhleb.
             Shot with an arrow by a centaur warrior (10 damage)
             ... on level 12 of the Dungeon.
             The game lasted 01:39:24 (13539 turns).

BuffBuff the Grappler (Vine Stalker Fighter)       Turns: 13539, Time: 01:39:25

Health: -2/72      AC: 20    Str: 23    XL:     13   Next: 81%
Magic:  0/18       EV: 15    Int:  8    God:    Makhleb [*****.]
Gold:   1173       SH: 15    Dex: 15    Spells: 12/12 levels left

rFire    + . .     SeeInvis .   l - +6 dagger (venom)
rCold    + . .     Gourm    .   C - +2 shield of Resistance {rF+ rC+ MR+}
rNeg     . . .     Faith    .   I - +4 troll leather armour
rPois    .         Spirit   +   a - +2 hat {MR+}
rElec    .         Reflect  .   o - +2 cloak
rCorr    .         Harm     .   m - +0 pair of gloves
MR       ++++.                  Q - +2 pair of boots
Stlth    +.........             (no amulet)
HPRegen  1.42/turn              G - ring of protection from magic
MPRegen  0.16/turn              b - +5 ring of evasion

@: about to teleport
A: fangs 3, regeneration 2, magic shield, antimagic bite, no potion heal 3, rot
immunity
a: Minor Destruction, Lesser Servant of Makhleb, Major Destruction, Greater
Servant of Makhleb, Renounce Religion


You were on level 12 of the Dungeon.
You worshipped Makhleb.
Makhleb was extremely pleased with you.
You were not hungry.

You visited 3 branches of the dungeon, and saw 17 of its levels.

You collected 1173 gold pieces.

Inventory:

Hand Weapons
 l - a +6 dagger of venom (weapon)
Missiles
 y - 88 poisoned darts (quivered)
Armour
 a - a +2 hat of magic resistance (worn)
 m - a +0 pair of gloves (worn)
 o - a +2 cloak (worn)
 C - the +2 shield of Resistance (worn) {rF+ rC+ MR+}
   (You found it on level 12 of the Dungeon)

   It protects you from fire.
   It protects you from cold.
   It affects your resistance to hostile enchantments.
 I - a +4 troll leather armour (worn)
 Q - a +2 pair of boots (worn)
Jewellery
 b - a +5 ring of evasion (right hand)
 e - an uncursed ring of ice
 i - a +5 ring of strength
 s - an uncursed ring of flight
 t - an uncursed ring of fire
 E - an uncursed ring of resist corrosion
 G - a ring of protection from magic (left hand)
Wands
 w - a wand of disintegration (21)
 z - a wand of scattershot (3)
 D - a wand of clouds (4)
 N - a wand of enslavement (7)
Scrolls
 c - 10 scrolls of identify
 f - 9 scrolls of remove curse
 h - a scroll of blinking
 j - a scroll of vulnerability {unknown}
 u - a scroll of enchant armour
 v - 4 scrolls of amnesia
 A - a scroll of teleportation
 B - a scroll of magic mapping
Potions
 g - 10 potions of curing
 k - 4 potions of flight
 n - 3 potions of haste
 q - a potion of ambrosia
 r - a potion of brilliance
 x - a potion of cancellation
 H - a potion of might
Miscellaneous
 p - a phantom mirror
 K - a sack of spiders
 M - a lightning rod (4/4)
Comestibles
 d - 40 rations


   Skills:
 + Level 10.6 Fighting
 + Level 9.8 Armour
 - Level 0.2 Dodging
 + Level 10.7 Shields
 + Level 11.3 Unarmed Combat
 + Level 6.3 Evocations


You had 12 spell levels left.
You didn't know any spells.
Your spell library contained the following spells:

 Spells                   Type           Power        Failure   Level  Hunger
 Animate Skeleton         Necr           N/A          63%         1    ##.....
 Apportation              Tloc           #.....       63%         1    ##.....
 Confusing Touch          Hex            #.....       63%         1    ##.....
 Summon Small Mammal      Summ           #...         63%         1    ##.....


Dungeon Overview and Level Annotations

Branches:
Dungeon (12/15)            Temple (1/1) D:4            Lair (4/6) D:10
 Shoals (0/4) Lair:3          Orc (0/2) D:10
  Snake: Lair:2-4    Spider: Lair:2-4

Altars:
Ashenzari
Cheibriados
Dithmenos
Elyvilon
Fedhas
Gozag
Hepliaklqana
Kikubaaqudgha
Makhleb
Nemelex Xobeh
Okawaru
Qazlal
Ru
Sif Muna
Trog
Uskayaw
Vehumet
Wu Jian
Xom
Yredelemnul
Zin
The Shining One
Beogh

Shops:
D:4 %   D:9 }   D:10 *

Annotations:
D:11 1 runed translucent door, exclusion: door
D:12 2 transporters, Inumik's ghost, journeyman MiBe


Innate Abilities, Weirdness & Mutations

You have razor-sharp teeth.
You heal very quickly.
When hurt, damage is shared between your health and your magic reserves.
Your bite disrupts and absorbs the magic of your enemies.
Potions cannot restore your health.
You are immune to rotting.


Message History

You block the arrow.
The centaur shoots an arrow.
You block the arrow.
The centaur shoots an arrow.
The arrow hits you but does no damage.
The centaur shoots an arrow.
The arrow hits you but does no damage.
The centaur warrior shoots an arrow.
You block the arrow.
The centaur shoots an arrow.
The arrow hits you.
* * * LOW HITPOINT WARNING * * *
You see here 5 arrows.
The centaur shoots an arrow.
The arrow misses you.
The centaur shoots an arrow.
You block the arrow.
The faun shoots a stone.
You block the stone.
The centaur shoots an arrow.
The arrow misses you.
The centaur shoots an arrow.
The arrow hits you but does no damage.
The centaur warrior shoots an arrow.
The arrow barely misses you.
Things that are here:
a stone; 7 arrows The centaur shoots an arrow.
You block the arrow.
The centaur shoots an arrow.
The arrow hits you!
* * * LOW HITPOINT WARNING * * *
The centaur shoots an arrow.
You block the arrow.
The centaur warrior shoots an arrow.
The arrow hits you!
You die...

##..≈≈≈####..(....# #
##...≈≈≈## ###.....# #
#.#...c≈≈≈≈# #....######
.#'#..c≈≈≈≈≈# #.........)
.....cc≈≈≈≈≈#####....######
....cc≈≈≈≈≈≈.((......# #
≈≈..≈≈≈≈≈≈≈≈(######### #
≈≈≈≈≈≈≈≈≈≈≈(.# #
≈≈≈≈≈≈≈≈((@.## #
≈≈≈≈≈..((#### # ≈≈....####
# ...## ##


You could see a centaur warrior, a faun and 4 centaurs.

Vanquished Creatures
  Rupert (Lair:3)
  Gastronok (D:8)
  Fannar (Lair:3)
  4 hydras
  2 two-headed ogres
  4 death yaks (Lair:2)
  A queen ant (D:8)
  An unseen horror (D:10)
  Pikel (D:7)
  2 ugly things
  2 cyclopes (D:12)
  Psyche (D:9)
  2 gargoyles
  A torpor snail (Lair:3)
  7 spiny frogs
  3 komodo dragons
  A rime drake (Lair:3)
  A queen bee (D:10)
  2 trolls
  A hornet (D:8)
  4 blink frogs (Lair:3)
  2 dream sheep (Lair:3)
  5 hippogriffs
  17 yaks
  2 wraiths
  2 hungry ghosts
  21 soldier ants (D:8)
  9 porcupines
  7 water moccasins
  3 sky beasts
  A slave (D:7)
  2 ice beasts
  11 orc warriors
  A phantom (D:9)
  A black bear (D:10)
  7 wolves
  8 ogres
  2 centaurs
  6 crocodiles
  Blork the orc (D:6)
  6 bullfrogs
  2 wyvern skeletons
  4 scorpions
  19 killer bees
  An electric eel (D:7)
  6 crimson imps
  3 howler monkeys
  A centaur zombie (D:9)
  7 hounds
  A bullfrog skeleton (D:8)
  4 jellies
  10 orc priests
  11 orc wizards
  7 iguanas
  Crazy Yiuf (D:2)
  Natasha (twice) (D:3)
  23 worker ants
  A hound skeleton (D:4)
  A worker ant zombie (D:5)
  Robin (D:2)
  19 adders
  4 gnolls (D:2)
  2 howler monkey skeletons
  5 shadow imps
  An ooze (D:5)
  2 adder skeletons (D:4)
  5 worms
  2 dart slugs
  4 leopard geckos
  62 orcs
  2 ball pythons
  6 giant cockroaches
  15 goblins
  9 hobgoblins
  9 jackals
  3 quokkas
  14 bats
  6 frilled lizards
  9 kobolds
  A quokka skeleton (D:6)
  11 rats
453 creatures vanquished.

Vanquished Creatures (others)
  A slave (D:7)
  2 orc warriors (D:11)
  An orc wizard (D:7)
  6 fungi
  14 plants (Lair:3)
24 creatures vanquished.

Grand Total: 477 creatures vanquished

Notes
Turn   | Place    | Note
-------+----------+-------------------------------------------
     0 | D:1      | BuffBuff the Vine Stalker Fighter began the quest for the
                  | Orb.
     0 | D:1      | Reached XP level 1. HP: 11/11 MP: 2/2
    59 | D:1      | Reached XP level 2. HP: 15/16 MP: 3/3
   463 | D:1      | Reached XP level 3. HP: 19/19 MP: 4/4
   828 | D:2      | Noticed Robin
   861 | D:2      | Killed Robin
   887 | D:2      | Gained mutation: Your natural rate of healing is unusually
                  | fast. [Vine Stalker growth]
   887 | D:2      | Reached XP level 4. HP: 18/24 MP: 5/5
   936 | D:2      | Reached skill level 3 in Unarmed Combat
   979 | D:2      | Found a glowing golden altar of the Shining One.
  1179 | D:2      | Found a runed translucent door.
  1180 | D:2      | Noticed Crazy Yiuf
  1192 | D:2      | Killed Crazy Yiuf
  1192 | D:2      | Reached XP level 5. HP: 17/28 MP: 6/6
  1991 | D:3      | Reached XP level 6. HP: 33/33 MP: 7/7
  1993 | D:3      | Noticed Natasha
  1994 | D:3      | Found a radiant altar of Vehumet.
  2007 | D:3      | Killed Natasha
  2082 | D:3      | Noticed Natasha
  2090 | D:3      | Killed Natasha
  2180 | D:4      | Found Qool's Food Shop.
  2242 | D:4      | Noticed a two-headed ogre
  2449 | D:4      | Found a staircase to the Ecumenical Temple.
  2458 | D:4      | Reached XP level 7. HP: 26/37 MP: 6/8
  2465 | Temple   | Entered the Ecumenical Temple
  2648 | D:4      | Reached skill level 4 in Unarmed Combat
  3014 | D:4      | Killed a two-headed ogre
  3014 | D:4      | Reached skill level 5 in Fighting
  3014 | D:4      | Reached skill level 5 in Shields
  3014 | D:4      | Reached skill level 5 in Unarmed Combat
  3014 | D:4      | Gained mutation: You have razor-sharp teeth. [Vine Stalker
                  | growth]
  3014 | D:4      | Reached XP level 8. HP: 10/43 MP: 2/9
  3366 | D:5      | Entered Level 5 of the Dungeon
  3535 | D:5      | Reached skill level 5 in Armour
  3766 | D:5      | Found a snail-covered altar of Cheibriados.
  3843 | D:6      | Reached XP level 9. HP: 44/48 MP: 8/10
  3986 | D:6      | Found a stormy altar of Qazlal.
  4116 | D:6      | Reached skill level 6 in Unarmed Combat
  4156 | D:6      | Noticed Blork the orc
  4177 | D:6      | Killed Blork the orc
  4194 | D:6      | Found a burning altar of Makhleb.
  4198 | D:6      | Became a worshipper of Makhleb the Destroyer
  4614 | D:7      | Noticed Pikel
  4626 | D:7      | Killed Pikel
  5528 | D:8      | Reached skill level 7 in Unarmed Combat
  5543 | D:8      | Reached XP level 10. HP: 44/53 MP: 8/11
  5587 | D:8      | Noticed a queen ant
  5601 | D:8      | Killed a queen ant
  5602 | D:8      | Reached * piety under Makhleb
  5677 | D:8      | Reached skill level 8 in Unarmed Combat
  5878 | D:8      | Reached ** piety under Makhleb
  5886 | D:8      | Found a hazy altar of Hepliaklqana.
  5916 | D:8      | Found a sparkling altar of Nemelex Xobeh.
  5984 | D:8      | Found a sacrificial altar of Ru.
  6039 | D:8      | Noticed Gastronok
  6161 | D:8      | Killed Gastronok
  6161 | D:8      | Reached XP level 11. HP: 60/60 MP: 12/12
  6353 | D:8      | Paralysed by a hornet for 3 turns
  6355 | D:8      | Reached skill level 9 in Unarmed Combat
  6734 | D:9      | Noticed a brown ugly thing
  6735 | D:9      | Noticed Psyche
  6756 | D:9      | Killed a brown ugly thing
  6773 | D:9      | Killed Psyche
  6960 | D:9      | Found a bloodstained altar of Trog.
  7010 | D:9      | Reached *** piety under Makhleb
  7146 | D:9      | Found Fizuid's Gadget Boutique.
  7281 | D:9      | Reached skill level 1 in Evocations
  7388 | D:10     | Entered Level 10 of the Dungeon
  7517 | D:10     | Found Pycaez's Assorted Antiques.
  7562 | D:10     | Killed an unseen horror
  7610 | D:10     | Found a staircase to the Lair.
  7876 | D:10     | Found a staircase to the Orcish Mines.
  8261 | Lair:1   | Entered Level 1 of the Lair of Beasts
  8376 | D:10     | Gained mutation: You heal very quickly. [Vine Stalker
                  | growth]
  8376 | D:10     | Reached XP level 12. HP: 66/66 MP: 14/14
  8388 | Lair:1   | Reached **** piety under Makhleb
  8687 | Lair:1   | Noticed a four-headed hydra
  8703 | Lair:1   | Killed a four-headed hydra
  8858 | Lair:1   | Reached skill level 10 in Unarmed Combat
  9416 | Lair:2   | Noticed a death yak
  9416 | Lair:2   | Noticed a death yak
  9444 | Lair:2   | Noticed a death yak
  9446 | Lair:2   | Noticed a death yak
  9446 | Lair:2   | Killed a death yak
  9463 | Lair:2   | Killed a death yak
  9479 | Lair:2   | Killed a death yak
  9501 | Lair:2   | Killed a death yak
  9899 | Lair:2   | Noticed a five-headed hydra
  9907 | Lair:2   | Killed a five-headed hydra
  9917 | Lair:2   | HP: 3/67 [porcupine's spines (9)]
 10378 | Lair:3   | Noticed Fannar
 10404 | Lair:3   | Killed Fannar
 10415 | Lair:3   | Reached skill level 10 in Shields
 10476 | Lair:3   | Reached XP level 13. HP: 72/72 MP: 17/17
 10525 | Lair:3   | Reached skill level 10 in Fighting
 10571 | Lair:3   | Reached skill level 5 in Evocations
 10720 | Lair:3   | Reached ***** piety under Makhleb
 10875 | Lair:3   | Found a staircase to the Shoals.
 11091 | Lair:3   | Noticed Rupert
 11112 | Lair:3   | Killed Rupert
 11112 | Lair:3   | Reached skill level 11 in Unarmed Combat
 11163 | Lair:3   | Found a blossoming altar of Fedhas.
 12176 | D:11     | Found a roughly hewn altar of Beogh.
 12692 | D:11     | Found a runed translucent door.
 12693 | D:11     | Noticed a fire dragon
 12693 | D:11     | Noticed an ettin
 12699 | D:11     | Noticed a frost giant
 12999 | D:12     | Noticed Inumik's ghost (journeyman MiBe)
 13420 | D:12     | Found the +2 shield of Resistance {rF+ rC+ MR+}
 13504 | D:12     | Found a transporter.
 13508 | D:12     | Found a transporter.
 13539 | D:12     | Shot with an arrow by a centaur warrior

Levels and vault maps discovered:
D:1:      minmay_arrival_radiant_lines, layout_basic
D:2:      layout_basic, overflow_temple_1_default, uniq_robin,
          uniq_crazy_yiuf_cottage
D:3:      cheibrodos_pilgrimage, layout_basic, fiery_altar_vehumet,
          first_ration, uniq_natasha
D:4:      layout_gridville, minmay_temple_entry_sparse_star, serial_shops, shop,
          grunt_ministairs_14, hangedman_decor_lopped, dk_rats_in_the_wall
D:5:      layout_rooms, kennysheep_mini_moat, serial_park_tiny_pond
D:6:      layout_rooms, kennysheep_mini, nicolae_qazlal_general_emergency,
          uniq_blork_the_orc
D:7:      layout_cave_pods, lightli_minifort, uniq_pikel
D:8:      layout_basic, nicolae_ru_awakened_eye,
          chequers_temple_overflow_statue_of_worship, hangedman_pestilent_swarm,
          minivault_29, uniq_gastronok
D:9:      layout_roguey, serial_shops,
          nicolae_shop_temple_entry_statues_fountains, david_defended_altar_elf,
          uniq_psyche
D:10:     layout_loops_ring, lair_entry_dummy, orc_david_3, serial_shops,
          nicolae_shop_crystal
D:11:     layout_roguey [special_room_orc], minivault_13
D:12:     layout_rooms, gammafunk_ghost_hive, centaur_isle
Temple:   regret_index_temple_waves
Lair:1:   layout_loops_ring, special_room [special_room_bee],
          grunt_megastairs_1, lemuel_fruit_fields
Lair:2:   layout_long_grid, infiniplex_staircase_pool_2, lemuel_fruit_tree,
          grunt_megastairs_2
Lair:3:   layout_layer_cave, minmay_shoals_entry_centaurs, basic_altar,
          chequers_serial_rivers_micro_c, grunt_megastairs_5, uniq_fannar,
          uniq_rupert
Lair:4:   layout_regular_city, spider_nest_entry_funnel_web

Skill      XL: |  1  2  3  4  5  6  7  8  9 10 11 12 13 |
---------------+----------------------------------------+-----
Shields        | 3 4 5 6 8 9 10 | 10.7
Fighting       | 3 4 5 6 8 9 10 | 10.6
Unarmed Combat | 3 5 7 8 9 10 11 | 11.3
Armour         | 3 4 5 6 7 8 9 |  9.8
Evocations     | 2 4 6 |  6.3
Dodging        | |  0.2

Action                   |  1- 3 |  4- 6 |  7- 9 | 10-12 | 13-15 || total
-------------------------+-------+-------+-------+-------+-------++-------
Melee: Unarmed           |    55 |       |       |       |       ||    55
       Bite              |    28 |    56 |   122 |   379 |   221 ||   806
       Dagger            |    50 |   164 |   282 |   833 |   462 ||  1791
Throw: Dart              |       |       |     4 |    11 |    10 ||    25
Evoke: Wand              |       |       |       |     4 |     3 ||     7
       Sack of spiders   |       |       |       |       |     3 ||     3
  Use: Potion            |       |     1 |       |    10 |     3 ||    14
       Scroll            |       |       |    18 |     7 |    10 ||    35
 Stab: Distracted        |       |       |       |     1 |       ||     1
  Eat: Chunk             |       |     5 |     7 |    14 |     9 ||    35
       Ration            |       |       |     1 |     1 |     1 ||     3
Armor: Scale mail        |    41 |    84 |    67 |       |       ||   192
       Plate armour      |       |       |    18 |   154 |       ||   172
       Troll leather arm |       |       |       |   148 |   135 ||   283
       Skin              |       |       |       |    13 |       ||    13
Dodge: Dodged            |    26 |    40 |    61 |   159 |   128 ||   414
Block: Shield            |    47 |    97 |   125 |   118 |    37 ||   424
       Large shield      |       |       |       |   537 |   418 ||   955
